 Dungeon Crawl Stone Soup version 0.27.0-1-g7a089689b8 (webtiles) character file.

Game seed: 11228533830110386393

2177 pkoi the Bolt Thrower (level 9, -2/78 HPs)
             Began as a Minotaur Hunter on Aug 4, 2021.
             Was a Believer of Okawaru.
             Slain by an orc warrior (16 damage)
             ... on level 8 of the Dungeon.
             The game lasted 00:10:00 (9178 turns).

pkoi the Bolt Thrower (Minotaur Hunter)             Turns: 9178, Time: 00:10:01

Health: -2/78      AC: 14    Str: 20    XL:     9   Next: 11%
Magic:  8/8        EV:  8    Int:  8    God:    Okawaru [**....]
Gold:   308        SH:  0    Dex: 11    Spells: 8/8 levels left

rFire    . . .     SeeInvis .   b - +6 great sword
rCold    . . .     Faith    .   (shield currently unavailable)
rNeg     . . .     Spirit   .   p - +0 plate armour
rPois    .         Reflect  .   (helmet restricted)
rElec    .         Harm     .   u - scarf {repulsion}
rCorr    .         Rampage  .   (no gloves)
Will     .....                  D - +0 pair of boots
Stlth    ..........             (no amulet)
HPRegen  0.23/turn              (no ring)
MPRegen  0.11/turn              (no ring)

@: repel missiles
A: horns 2, retaliatory headbutt
a: Renounce Religion, Heroism


You were on level 8 of the Dungeon.
You worshipped Okawaru.
Okawaru was pleased with you.
You visited 2 branches of the dungeon, and saw 9 of its levels.

You collected 308 gold pieces.

Inventory:

Hand Weapons
 a - a +1 hand crossbow
 b - a +6 great sword (weapon)
 G - a +1 long sword
Missiles
 d - 110 bolts
 e - 31 poisoned darts (quivered)
 q - 2 curare-tipped darts
Armour
 o - a +1 cloak
 p - a +0 plate armour (worn)
 u - a scarf of repulsion (worn)
 D - a +0 pair of boots (worn)
Jewellery
 E - a ring of protection from cold
Wands
 i - a wand of polymorph (1)
 m - a wand of iceblast (19)
 n - a wand of mindburst (10)
 y - a wand of acid (11)
 F - a wand of charming (6)
Scrolls
 c - 2 scrolls of magic mapping {unknown}
 f - 5 scrolls of identify
 k - 5 scrolls of enchant armour
 r - 4 scrolls of teleportation {unknown}
 t - a scroll of silence {unknown}
 w - a scroll of amnesia {unknown}
 x - a scroll of vulnerability {unknown}
 A - a scroll of fear {unknown}
 B - a scroll of enchant weapon
Potions
 g - 2 potions of resistance {unknown}
 h - a potion of haste {unknown}
 j - a potion of attraction
 l - a potion of ambrosia
 s - 3 potions of curing {unknown}
 v - 2 potions of might {unknown}
 z - a potion of cancellation {unknown}
 C - 2 potions of lignification {unknown}


   Skills:
 + Level 6.7 Fighting
 + Level 6.2 Long Blades
 + Level 7.7 Crossbows
 + Level 6.2 Armour
 + Level 6.1 Dodging
 - Level 0.7 Stealth


You had 8 spell levels left.
You didn't know any spells.
Your spell library contained the following spells:

 Spells                   Type           Power      Damage    Failure   Level
 Animate Skeleton         Necr           0%         N/A       100%        1
 Magic Dart               Conj           0%         1d3       100%        1
 Pain                     Necr           0%         1d4       100%        1
 Searing Ray              Conj           0%         3d3       100%        2
 Vampiric Draining        Necr           0%         2d6       100%        3
 Fulminant Prism          Conj/Hex       0%         3d6       100%        4


Dungeon Overview and Level Annotations

Branches:
Dungeon (8/15)             Temple (1/1) D:5
   Lair: D:8-11

Altars:
Cheibriados
Dithmenos
Elyvilon
Fedhas
Gozag
Hepliaklqana
Kikubaaqudgha
Nemelex Xobeh
Okawaru
Qazlal
Sif Muna
Trog
Uskayaw
Vehumet
Wu Jian
Xom
Zin
The Shining One

Shops:
D:7 **


Innate Abilities, Weirdness & Mutations

You have a pair of horns on your head.
You reflexively headbutt those who attack you in melee.


Message History

The bolt closely misses the orc warrior.
b - a +6 great sword (weapon)
The orc warrior hits you from afar with a +2 trident of flaming!
The orc warrior burns you.
A gnoll comes into view. It is wielding a +0 flail.
The orc warrior hits you with a +2 trident of flaming.
The orc warrior burns you. The gnoll hits you but does no damage.
You see here a scroll labelled TIOREO LOFUROEWEL.
You hit the orc warrior but do no damage.
Your headbutt misses the orc warrior.
The orc warrior is heavily wounded.
The orc warrior hits you but does no damage.
You slash the orc warrior! Your headbutt misses the orc warrior.
The orc warrior is almost dead.
The orc warrior hits you with a +2 trident of flaming.
The orc warrior burns you.
A gnoll comes into view. It is wielding a +0 spear.
The orc warrior hits you with a +2 trident of flaming!
The orc warrior burns you.
The gnoll moves out of view.
You hit the orc warrior but do no damage.
Your headbutt misses the orc warrior.
The orc warrior is almost dead.
The orc warrior hits you with a +2 trident of flaming!
The orc warrior burns you.
* * * LOW HITPOINT WARNING * * *
A gnoll comes into view. It is wielding a +0 whip.
The gnoll shouts!
You hit the orc warrior but do no damage.
The orc warrior is almost dead.
You hear a shout!
The orc warrior hits you with a +2 trident of flaming!
* * * LOW HITPOINT WARNING * * *
The orc warrior burns you.
* * * LOW HITPOINT WARNING * * *
The gnoll shaman calls upon its god to speed up the gnoll.
The gnoll seems to speed up.
You hear a shout!
Unknown command.
The orc warrior hits you from afar with a +2 trident of flaming!
You die...

.... #(.# #..# ..
#..# #. #..#..
##(#####..#.#
.g.gggo...#.# #
#?....#..#
##@......#
#..####.# #.....!.#
##.###### #####..##
#.......###
#.........#
#.........#
#########......>..#


You could see an orc warrior and a gnoll shaman.

Vanquished Creatures
  A wyvern (D:7)
  2 black bears (D:6)
  An ogre (D:4)
  A centaur (D:4)
  A phantom (D:7)
  Blork the orc (D:5)
  5 scorpions
  A water moccasin skeleton (D:4)
  3 killer bees
  6 wights (D:7)
  A centaur zombie (D:8)
  2 hounds
  2 jellies
  A bullfrog skeleton (D:6)
  4 orc priests
  3 centaur skeletons
  3 iguanas
  4 orc wizards
  Terence (D:2)
  3 killer bee zombies
  A hound skeleton (D:4)
  A howler monkey zombie (D:3)
  A howler monkey skeleton (D:5)
  6 adders
  A gnoll (D:8)
  3 shadow imps
  An ufetubus (D:6)
  An adder skeleton (D:4)
  A dart slug (D:5)
  16 orcs
  5 bats
  5 endoplasms
  3 giant cockroaches
  4 goblins
  3 hobgoblins
  3 jackals (D:4)
  5 kobolds
  3 quokkas
  5 ball pythons
  2 frilled lizards
  3 rats
119 creatures vanquished.

Vanquished Creatures (others)
  A plant (D:1)
1 creature vanquished.

Grand Total: 120 creatures vanquished

Notes
Turn   | Place    | Note
-------+----------+-------------------------------------------
     0 | D:1      | pkoi the Minotaur Hunter began the quest for the Orb.
     0 | D:1      | Reached XP level 1. HP: 18/18 MP: 0/0
   317 | D:1      | Reached XP level 2. HP: 22/25 MP: 1/1
   323 | D:1      | Reached skill level 5 in Crossbows
   402 | D:1      | You fall into a shaft and drop 1 floor!
  1248 | D:2      | Noticed Terence
  1700 | D:2      | Reached XP level 3. HP: 30/30 MP: 2/2
  1821 | D:2      | Reached skill level 1 in Long Blades
  1876 | D:2      | Killed Terence
  1877 | D:2      | Reached skill level 1 in Armour
  1986 | D:3      | Found a snail-covered altar of Cheibriados.
  2182 | D:3      | Found an ornate altar of the Wu Jian Council.
  2226 | D:3      | Reached XP level 4. HP: 38/38 MP: 3/3
  2785 | D:4      | HP: 1/38 [something/puff of flame (9)]
  2798 | D:4      | Reached XP level 5. HP: 29/45 MP: 4/4
  3810 | D:4      | Reached XP level 6. HP: 52/52 MP: 5/5
  4046 | D:4      | Identified the +7 battleaxe "Cafuolae" {venom, Dex+4}
  4440 | D:5      | Entered Level 5 of the Dungeon
  4453 | D:4      | Reached skill level 6 in Crossbows
  4715 | D:5      | Reached XP level 7. HP: 37/60 MP: 6/6
  4830 | D:5      | Found a staircase to the Ecumenical Temple.
  4842 | D:5      | Noticed Blork the orc
  4851 | Temple   | Entered the Ecumenical Temple
  5028 | Temple   | Became a worshipper of Warmaster Okawaru
  5058 | D:5      | Killed Blork the orc
  5669 | D:5      | Reached skill level 5 in Fighting
  6146 | D:6      | Reached * piety under Okawaru
  6369 | D:6      | Reached XP level 8. HP: 35/68 MP: 7/7
  6584 | D:6      | Reached skill level 5 in Dodging
  6902 | D:6      | Reached skill level 5 in Long Blades
  6902 | D:6      | Reached skill level 5 in Armour
  7176 | D:6      | Reached skill level 7 in Crossbows
  7447 | D:7      | Identified the +6 trident of Generosity {freeze, *Corrode
                  | rElec rPois Str+5}
  7733 | D:7      | Reached ** piety under Okawaru
  8218 | D:7      | Reached XP level 9. HP: 38/78 MP: 8/8
  8419 | D:7      | Found Ynics's General Store.
  8421 | D:7      | Found Dant's Specific Store.
  9178 | D:8      | Slain by an orc warrior

Illustrated notes

Levels and vault maps discovered:
D:1:      lemuel_arrival_tunnels, layout_basic, serial_forest,
          infiniplex_forest_zigzag_1, infiniplex_forest_lined_room_,
          infiniplex_forest_clump_tiny, infiniplex_forest_end_3,
          infiniplex_forest_clump_medium, infiniplex_forest_straight_3,
          infiniplex_forest_clump_double, infiniplex_forest_lined_room_,
          infiniplex_forest_clump_double, infiniplex_forest_lined_3
D:2:      layout_basic, uniq_terence
D:3:      layout_loops_ring, pdpol_wu_jian_five_deadly_venoms,
          cheibriados_altar_1
D:4:      layout_cave_pods, minmay_door_square
D:5:      layout_gridville, minmay_temple_entry_trees, uniq_blork_the_orc
D:6:      layout_cave_pods
D:7:      layout_basic, nicolae_specific_store
D:8:      cheibrodos_elevator_heist, layout_basic, enter_bailey_5,
          minmay_the_grid_2x2 [minmay_the_grid_diamond_grid, minmay_the_grid_x,
          minmay_the_grid_minigrid_small_alt, minmay_the_grid_prize_big_room]
Temple:   nicolae_temple_elliptical

Skill      XL: |  1  2  3  4  5  6  7  8  9 |
---------------+----------------------------+-----
Crossbows      | 5 6 7 |  7.7
Long Blades    | 1 2 3 4 6 |  6.2
Armour         | 1 2 3 4 6 |  6.2
Fighting       | 3 4 5 6 |  6.7
Dodging        | 3 4 5 6 |  6.1
Stealth        | |  0.7

Action                   |  1- 3 |  4- 6 |  7- 9 || total
-------------------------+-------+-------+-------++-------
Melee: Short sword       |    16 |       |       ||    16
       Headbutt          |     5 |    19 |    41 ||    65
       Long sword        |     5 |    77 |   188 ||   270
       Unarmed           |     2 |       |       ||     2
       Battleaxe         |       |     1 |       ||     1
       Great sword       |       |       |     5 ||     5
 Fire: Hand crossbow     |    61 |       |    21 ||    82
  Use: Potion            |       |     2 |       ||     2
       Scroll            |       |     3 |     1 ||     4
 Stab: Sleeping          |       |     1 |       ||     1
Armor: Leather armour    |    12 |    13 |       ||    25
       Chain mail        |       |    33 |    13 ||    46
       Plate armour      |       |       |   156 ||   156
Dodge: Dodged            |    21 |    58 |    98 ||   177
       Rpst.: Long sword |     1 |    17 |    23 ||    41
